 Dungeon Crawl Stone Soup version 0.17-a0-2014-g32cd421 (webtiles) character file.

29445 tp1 the Cleaver (level 13, -2/83 HPs)
             Began as a Gargoyle Berserker on Oct 9, 2015.
             Was a High Priest of Trog.
             Slain by a death yak (12 damage)
             ... on level 6 of the Lair of Beasts.
             The game lasted 01:58:07 (15199 turns).

tp1 the Cleaver (Gargoyle Berserker)               Turns: 15199, Time: 01:58:08

Health: -2/83      AC: 28    Str: 21    XL:     13   Next: 45%
Magic:  6/13       EV: 11    Int:  9    God:    Trog [*****.]
Gold:   1039       SH:  0    Dex: 13    Spells: 0 memorised, 12 levels left

rFire  + + .     SeeInvis .     v - +1 battleaxe (freeze)
rCold  . . .     Clarity  .     F - +1 plate armour
rNeg   + . .     SustAt   .     (no shield)
rPois  ∞         Gourm    .     (no helmet)
rElec  +         Spirit   .     C - +0 cloak
rCorr  .         Warding  .     j - +0 pair of gloves
rMut   .         Stasis   .     V - +0 pair of boots
MR     .....                    (no amulet)
Stlth  ..........               z - ring of protection from fire
                                g - ring of protection from fire

@: exhausted, about to teleport, slowed, very slow, not resistant to hostile
enchantments, extremely unstealthy
A: negative energy resistance 1, electricity resistance, unbreathing,
petrification resistance, rot immunity, AC +9
a: Burn Spellbooks, Berserk, Trog's Hand, Brothers in Arms, Renounce Religion


You were on level 6 of the Lair of Beasts.
You worshipped Trog.
Trog was extremely pleased with you.
You were not hungry.

You visited 2 branches of the dungeon, and saw 15 of its levels.
You also visited: Sewer.

You collected 1121 gold pieces.
You spent 82 gold pieces at shops.

Inventory:

Hand Weapons
 t - a +3 hunting sling of flaming
 u - a +6 antimagic great mace
 v - a +1 battleaxe of freezing (weapon)
 N - a +0 hunting sling
Missiles
 r - 14 silver sling bullets
 O - 18 exploding sling bullets (quivered)
Armour
 j - a +0 pair of gloves (worn)
 C - a +0 cloak (worn)
 F - a +1 plate armour (worn)
 V - a +0 pair of boots (worn)
Jewellery
 g - a ring of protection from fire (left hand)
 l - an uncursed ring of ice
 p - an uncursed ring of stealth
 z - a ring of protection from fire (right hand)
Wands
 k - a wand of disintegration (6)
 q - a wand of confusion (18)
 s - a wand of draining (6)
 E - a wand of fire (12)
 L - a wand of lightning (10)
 M - a wand of fireball (7)
 T - a wand of frost (26)
Scrolls
 e - 3 scrolls of identify
 f - 2 scrolls of magic mapping
 i - 5 scrolls of noise
 n - a scroll of brand weapon
 A - 7 scrolls of remove curse
 D - 2 scrolls of fog
Potions
 b - 3 potions of agility
 w - 2 potions of lignification
 G - a potion of mutation
 H - 2 potions of might
 I - 4 potions of curing
 J - a potion of brilliance
 K - a potion of cancellation
 R - a potion of flight
Books
 S - a book of Beasts

   Spells                             Type                      Level
   a - Summon Butterflies             Summoning                    1
   b - Call Canine Familiar           Summoning                    3
   c - Summon Ice Beast               Ice/Summoning                4
   d - Summon Mana Viper              Hexes/Summoning              5
   e - Summon Hydra                   Summoning                    7
   Trog disapproves of the use of such an item.
Comestibles
 c - 7 bread rations
 d - 4 beef jerkies
 m - 7 meat rations
 o - 10 slices of pizza
 x - 11 royal jellies
 P - 7 fruits


   Skills:
 - Level 10.4 Fighting
 - Level 10.9(11.8) Axes
 + Level 8.4(11.2) Maces & Flails
 - Level 5.0 Slings
 - Level 9.0 Armour
 - Level 10.0 Dodging


You had 12 spell levels left.
You didn't know any spells.

Dungeon Overview and Level Annotations

Branches:
Dungeon (9/15)             Temple (0/1) D:6            Lair (6/8) D:9
  Swamp (0/4) Lair:5        Snake (0/4) Lair:4
  Slime: Lair:6-8       Orc: D:9-12

Altars:
Ashenzari
Dithmenos
Makhleb
Nemelex Xobeh
Sif Muna
Vehumet
Xom
Zin
The Shining One

Shops:
D:6 ?


Innate Abilities, Weirdness & Mutations

You are resistant to torment.
Your stone body is resilient (AC +9).
You are immune to poison.
You resist negative energy.
You are resistant to electric shocks.
You can survive without breathing.
You are immune to petrification.
You are immune to rotting.


Message History

You are too berserk!
You feel a strong urge to attack something.
You feel your anger subside.
You are no longer berserk.
You are exhausted.
You feel yourself slow down.
The death yak gores you but does no damage.
The death yak gores you!
* * * LOW HITPOINT WARNING * * *
You see here a crocodile skeleton.
Drink which item? (? for menu, Esc to quit)
Okay, then.
Read which item? (? for menu, Esc to quit)
As you read the scroll of teleportation, it crumbles to dust.
You feel strangely unstable. The death yak closely misses you.
The death yak gores you.
* * * LOW HITPOINT WARNING * * *
The death yak barely misses you. The death yak gores you!
You die...

....## ##....)...... ....#
#........./.. ...P#
##............ ....##
#........$.... .....####
##.....Y....... ....###.###
#...........P.. .....#....##
#YY........P... ...........#
####Y.......#.P...
<..........###.#@Y...PP.###....
.....)......#.#.÷..#####>......
#..................#####......
.........>......###÷.##......#
..................##.......##
..............(........#....#
............................##
....P..............#.....)...##
..........P..................P#


You could see 5 death yaks.

Vanquished Creatures
  4 hydras
  An ugly thing (D:9)
  A griffon (Lair:4)
  2 black mambas
  Joseph (D:8)
  The ghost of Shim the Ducker, a novice HuGl (D:4)
  12 spiny frogs
  3 komodo dragons
  A troll (D:9)
  3 fire drakes (Lair:4)
  A queen bee (D:9)
  15 blink frogs
  A hog (D:9)
  A human (D:9)
  5 wolves (Lair:1)
  3 basilisks
  4 hippogriffs
  3 hungry ghosts
  A steam dragon (Lair:4)
  14 water moccasins
  30 yaks
  An orc warrior (D:9)
  3 phantoms
  13 porcupines
  7 ogres
  2 sky beasts
  2 black bears
  A necrophage (D:6)
  A centaur (D:8)
  10 giant frogs
  Blork the orc (D:4)
  11 crocodiles
  4 big kobolds
  A gnoll sergeant (D:9)
  2 scorpions
  14 wights
  2 electric eels
  28 killer bees
  A centaur zombie (D:8)
  5 crimson imps
  4 orc wizards
  A centaur skeleton (D:6)
  A giant frog skeleton (D:9)
  3 hounds
  4 quasits
  6 iguanas
  7 worker ants
  19 sheep
  A hound zombie (D:8)
  3 hound skeletons
  A worker ant zombie (D:9)
  9 adders
  19 gnolls
  30 river rats
  4 oozes
  An adder skeleton (D:9)
  3 worms (D:2)
  14 giant geckos
  20 orcs
  A ball python (Sewer)
  10 giant cockroaches
  30 goblins
  19 hobgoblins
  8 jackals (D:6)
  9 quokkas
  12 bats
  2 giant gecko skeletons
  10 giant newts
  22 kobolds
  9 rats
  A fungus (Sewer)
  5 plants
504 creatures vanquished.

Vanquished Creatures (others)
  An orc (D:3)
  A fungus (Lair:4)
2 creatures vanquished.

Grand Total: 506 creatures vanquished

Notes
Turn   | Place    | Note
--------------------------------------------------------------
     0 | D:1      | tp1 the Gargoyle Berserker began the quest for the Orb.
     0 | D:1      | Reached XP level 1. HP: 14/14 MP: 1/1
    63 | D:1      | Reached XP level 2. HP: 4/19 MP: 2/2
   757 | D:1      | Reached XP level 3. HP: 23/23 MP: 3/3
   939 | D:2      | Reached skill level 1 in Maces & Flails
   987 | D:2      | Acquired Trog's second power
  1185 | D:2      | Reached XP level 4. HP: 18/28 MP: 4/4
  1924 | D:3      | Reached skill level 4 in Fighting
  1930 | D:3      | Reached XP level 5. HP: 6/34 MP: 5/5
  2578 | D:4      | Reached skill level 5 in Fighting
  2887 | D:4      | Reached XP level 6. HP: 37/40 MP: 6/6
  2937 | D:4      | Noticed Blork the orc
  3121 | D:4      | Killed Blork the orc
  3121 | D:4      | Reached skill level 6 in Fighting
  3204 | D:4      | Noticed Shim's ghost (novice HuGl)
  3240 | D:4      | Killed Shim's ghost
  3240 | D:4      | Reached skill level 8 in Fighting
  3240 | D:4      | Reached XP level 7. HP: 6/49 MP: 7/7
  3932 | D:4      | Reached skill level 9 in Fighting
  3977 | D:4      | Reached XP level 8. HP: 51/56 MP: 8/8
  4278 | D:5      | Entered Level 5 of the Dungeon
  4310 | D:5      | Found a glowing silver altar of Zin.
  4314 | D:5      | Found a glowing golden altar of the Shining One.
  4314 | D:5      | Found a radiant altar of Vehumet.
  4316 | D:5      | Found a sparkling altar of Nemelex Xobeh.
  4317 | D:5      | Found a deep blue altar of Sif Muna.
  4319 | D:5      | Found a shimmering altar of Xom.
  4364 | D:5      | Acquired Trog's third power
  4364 | D:5      | Reached skill level 10 in Fighting
  4991 | D:6      | Found a staircase to the Ecumenical Temple.
  5032 | D:6      | Found a shimmering altar of Xom.
  5112 | D:6      | Reached skill level 5 in Armour
  5140 | D:6      | Reached XP level 9. HP: 62/62 MP: 9/9
  5247 | D:6      | Found a glowing drain.
  5282 | Sewer    | Entered a sewer
  5785 | D:6      | Found Efiawn's Magic Scroll Boutique.
  5789 | D:6      | Bought a scroll of enchant weapon for 82 gold pieces
  5924 | D:6      | Reached skill level 5 in Axes
  6628 | D:7      | Found a shattered altar of Ashenzari.
  7625 | D:8      | Noticed Joseph
  7637 | D:8      | Killed Joseph
  7641 | D:8      | Reached XP level 10. HP: 62/68 MP: 10/10
  8027 | D:8      | Found a burning altar of Makhleb.
  8372 | D:9      | Reached skill level 5 in Maces & Flails
  8372 | D:9      | Reached skill level 1 in Slings
  8375 | D:9      | Found a shadowy altar of Dithmenos.
  8680 | D:9      | Found a staircase to the Lair.
  8770 | D:9      | Noticed a purple ugly thing
  8781 | D:9      | Killed a purple ugly thing
  9097 | D:9      | Reached skill level 5 in Slings
  9098 | D:9      | Reached XP level 11. HP: 64/72 MP: 11/11
  9184 | D:9      | Received a gift from Trog
  9386 | Lair:1   | Entered Level 1 of the Lair of Beasts
 10088 | Lair:1   | Reached skill level 10 in Axes
 11102 | Lair:2   | Reached XP level 12. HP: 64/77 MP: 12/12
 12503 | Lair:4   | Reached skill level 5 in Dodging
 12525 | Lair:4   | Received a gift from Trog
 12786 | Lair:4   | Received a gift from Trog
 13071 | Lair:4   | Found a staircase to the Snake Pit.
 13606 | Lair:5   | Noticed an eight-headed hydra
 13620 | Lair:5   | Killed a 13-headed hydra
 13620 | Lair:5   | Reached XP level 13. HP: 82/82 MP: 13/13
 13813 | Lair:5   | Found a staircase to the Swamp.
 13814 | Lair:5   | Noticed a seven-headed hydra
 13844 | Lair:5   | Killed an 11-headed hydra
 14134 | Lair:5   | Noticed a four-headed hydra
 14163 | Lair:5   | Killed a six-headed hydra
 14271 | Lair:5   | Reached skill level 10 in Dodging
 15005 | Lair:6   | Received a gift from Trog
 15199 | Lair:6   | Slain by a death yak

Vault maps used:
D:1:      minmay_arrival_cross
D:4:      minmay_goblin_kobold_castle, uniq_blork_the_orc
D:5:      minitemple, first_bread
D:6:      minmay_temple_entry_purple_smoke, portal_sewer_entry_f, serial_shops,
          nicolae_shop_trees, basic_altar
D:7:      evilmike_ruin_ashenzari
D:8:      makhleb_heckhound_becter, uniq_joseph
D:9:      lair_0_dummy, basic_altar, special_room, grunt_livestock
Lair:1:   grunt_megastairs_2
Lair:4:   dummy_snake_entry, bobbens_dragon_lair_wall, grunt_megastairs_3,
          lemuel_fruit_tree, infiniplex_staircase_pool
Lair:5:   minmay_swamp_entry_reptiles, grunt_megastairs_1, serial_bayou_shore_a
Sewer:    kennysheep_pipe_town

Action                   |  1- 3 |  4- 6 |  7- 9 | 10-12 | 13-15 || total
-------------------------+-------+-------+-------+-------+-------++-------
Melee: Mace              |   106 |    65 |   128 |       |       ||   299
       Hand axe          |       |    61 |    22 |       |       ||    83
       Flail             |       |    61 |    19 |       |       ||    80
       War axe           |       |       |    31 |       |       ||    31
       Battleaxe         |       |       |   241 |   668 |    66 ||   975
       Dire flail        |       |       |       |    43 |       ||    43
       Great mace        |       |       |       |    54 |   112 ||   166
 Fire: Hunting sling     |       |       |       |     2 |       ||     2
Invok: Berserk           |     1 |     4 |     4 |     7 |     3 ||    19
       Trog's Hand       |       |     4 |     3 |     4 |     1 ||    12
       Burn Spellbooks   |       |       |       |       |     2 ||     2
       Brothers in Arms  |       |       |       |       |     1 ||     1
  Use: Scroll            |       |     4 |    12 |     6 |     6 ||    28
       Potion            |       |       |    11 |     8 |     2 ||    21
  Eat: Chunk             |     2 |     7 |    21 |    28 |     4 ||    62
       Bread ration      |       |     1 |     3 |     2 |     2 ||     8
       Royal jelly       |       |       |       |     1 |       ||     1
       Fruit             |       |       |       |     1 |       ||     1
